Map: Tourmaline LE

Players

BOB

  • Race: Terran Terran
  • Spawn Location: 7:00

VirSam - Winner!

  • Race: Terran Terran
  • League: Silver
  • Spawn Location: 1:00

VOD

Have the link to the VOD?

Description

Time

  • Played on: June 19, 2026, 10:08 a.m.
  • Length: 21:33
Show
View Real Time Build Order
Export as new Build Order

BOB Terran 

Build Orders:  

Get SALT Encoding   

  12  0:03  SCV  
  13  0:15  SCV  
  13  0:19  Supply Depot  
  14  0:27  SCV  
  15  0:41  SCV  
  16  0:44  Barracks  
  16  0:51  Supply Depot  
  16  0:55  Refinery  
  16  0:59  SCV  
  17  1:11  SCV  
  17  1:16  Engineering Bay  
  18  1:29  SCV  
  19  1:36  Barracks  
  19  1:40  Marine  
  19  1:41  SCV  
  21  1:52  Refinery  
  21  1:58  Marine  
  22  2:05  Factory  
  22  2:26  Barracks Tech Lab  
  22  2:32  SCV  
  22  2:34  Barracks Reactor  
  23  2:44  SCV  
  24  2:54  Marine  
  24  2:56  Supply Depot  
  24  2:58  Stimpack  
  25  3:02  SCV  
  26  3:12  Marine  
  27  3:14  SCV  
  28  3:27  SCV  
  29  3:30  Marine  
  30  3:39  SCV  
  31  3:47  Marine  
  32  3:50  Command Center  
  32  3:55  Orbital Command  
  32  4:05  Marine  
  33  4:23  Marine, Starport  
  34  4:28  Armory  
  34  4:29  Terran Infantry Weapons Level 1  
  34  4:37  Combat Shield  
  34  4:39  Refinery  
  34  4:50  Factory Tech Lab  
  34  5:02  Refinery  
  34  5:04  Factory  
  34  5:10  SCV  
  35  5:17  Marine  
  35  5:18  Marine x2  
  38  5:22  SCV  
  38  5:27  Medivac  
  41  5:34  SCV  
  42  5:35  Marine  
  43  5:49  Factory, Missile Turret  
  43  5:56  Factory Tech Lab  
  43  6:01  Thor  
  49  6:11  Missile Turret  
  49  6:19  SCV  
  49  6:24  Terran Infantry Armor Level 1  
  50  6:32  SCV, Missile Turret  
  49  6:44  SCV  
  50  6:56  SCV  
  50  7:08  SCV  
  51  7:13  Medivac  
  53  7:20  SCV  
  54  7:26  Factory Tech Lab  
  52  7:32  SCV  
  53  7:41  Thor  
  53  7:43  Medivac  
  61  7:44  SCV  
  61  7:50  Supply Depot  
  62  7:56  SCV  
  62  8:11  Thor  
  62  8:12  SCV  
  69  8:13  Supply Depot  
  69  8:24  SCV  
  69  8:35  Thor  
  69  8:36  SCV  
  69  8:37  Supply Depot  
  76  8:48  Terran Infantry Weapons Level 2  
  76  8:52  Smart Servos  
  76  8:58  Thor  
  81  9:14  Command Center  
  80  9:33  Thor  
  86  10:14  Marine x2, SCV  
  82  10:26  SCV  
  60  10:38  SCV  
  60  11:03  Terran Infantry Armor Level 2  
  60  11:28  Marine x2, Marauder  
  64  11:33  Planetary Fortress  
  64  11:38  Planetary Fortress  
  64  11:45  Marine  
  64  11:46  Marine  
  66  11:50  Marauder  
  66  11:53  Thor  
  74  11:54  Thor  
  80  12:03  Marine x2  
  82  12:11  Marauder  
  84  12:18  Supply Depot  
  84  12:21  Marine, SCV  
  86  12:32  Marauder  
  86  12:34  SCV  
  95  12:38  Terran Vehicle Weapons Level 1  
  95  12:41  Supply Depot  
  95  12:46  SCV  
  95  12:54  Marauder  
  95  12:58  SCV  
  92  13:10  SCV  
  93  13:19  Terran Infantry Weapons Level 3  
  92  13:27  SCV  
  93  13:39  SCV  
  94  13:44  Factory Tech Lab  
  91  13:49  Factory Tech Lab  
  91  13:51  SCV  
  91  13:52  Factory Tech Lab  
  91  13:55  Marine x2  
  94  14:03  SCV  
  95  14:12  Marine  
  95  14:13  Marine  
  95  14:15  SCV  
  98  14:19  Marauder  
  98  14:22  Thor x3  
  117  14:30  Marine x2  
  119  14:40  Marauder  
  119  14:41  Starport Reactor  
  121  14:47  Supply Depot  
  121  14:48  Marine x2  
  121  14:51  SCV  
  122  14:54  SCV  
  123  15:01  Marauder  
  123  15:03  SCV  
  123  15:05  Thor  
  123  15:06  SCV  
  133  15:09  Supply Depot  
  133  15:15  SCV  
  133  15:18  SCV  
  133  15:23  Marauder  
  133  15:28  SCV  
  136  15:34  Supply Depot  
  136  15:40  SCV  
  135  15:44  Marauder  
  96  15:52  SCV  
  96  15:57  Terran Infantry Armor Level 3  
  69  16:04  SCV  
  64  16:15  Concussive Shells  
  61  16:18  Marine x2  
  61  16:19  Marauder  
  59  16:36  Marine x2  
  61  16:40  Marauder  
  63  16:54  Marine x2  
  64  17:02  Marauder  
  66  17:12  Marine x2  
  67  17:23  Marauder  
  69  17:35  Missile Turret  
  69  17:38  Missile Turret  
  69  17:44  Marauder  
  51  17:55  Missile Turret  
  51  17:57  Missile Turret  
  45  17:59  Missile Turret  
  35  18:28  Missile Turret  
  25  18:38  Thor x3  
  35  19:20  Thor  
  35  19:21  Thor x2  
  49  20:03  Thor  
Show
View Real Time Build Order
Export as new Build Order

VirSam Terran - Winner!

Build Orders:  

Get SALT Encoding   

  12  0:00  SCV  
  13  0:12  SCV  
  14  0:17  Supply Depot  
  14  0:24  SCV  
  15  0:38  SCV  
  15  0:41  Barracks  
  16  0:50  SCV  
  17  1:03  SCV  
  18  1:15  SCV  
  19  1:21  Refinery  
  19  1:28  Marine  
  19  1:30  Orbital Command  
  20  1:34  Refinery  
  20  1:37  Supply Depot  
  20  1:46  Marine  
  21  1:55  SCV  
  22  2:04  Marine  
  22  2:08  SCV  
  24  2:10  Engineering Bay  
  24  2:20  SCV  
  24  2:22  Marine  
  26  2:32  SCV  
  27  2:48  Command Center  
  27  2:52  Missile Turret  
  27  2:56  Barracks Tech Lab  
  27  2:58  Factory  
  27  3:02  SCV  
  28  3:14  SCV, Missile Turret  
  29  3:42  Supply Depot  
  29  3:51  Starport, Barracks Reactor  
  29  3:56  SCV  
  29  3:59  Siege Tank  
  33  4:04  Supply Depot  
  33  4:05  Supply Depot  
  33  4:08  SCV  
  34  4:13  Orbital Command  
  34  4:14  Supply Depot  
  34  4:28  Marine x2  
  36  4:36  Supply Depot  
  36  4:39  Widow Mine  
  36  4:43  Medivac  
  40  4:46  Marine x2  
  40  4:50  Armory  
  42  4:54  SCV x2  
  44  5:00  Widow Mine  
  44  5:06  SCV x2  
  48  5:14  Engineering Bay  
  48  5:18  SCV x2, Starport Reactor  
  50  5:29  Marine x2  
  50  5:30  SCV x2  
  54  5:39  Drilling Claws  
  54  5:42  Bunker, Cyclone  
  57  5:47  Marine x2  
  59  5:53  Refinery  
  59  6:00  Medivac x2  
  63  6:04  Missile Turret  
  63  6:05  Marine  
  64  6:40  Marine x2  
  64  6:42  SCV x2  
  62  6:54  SCV x2  
  62  6:56  Command Center  
  62  6:58  Marine x2  
  62  6:59  Armory  
  66  7:10  Liberator x2  
  72  7:16  Supply Depot  
  72  7:19  Refinery  
  72  7:24  Supply Depot  
  72  7:37  Siege Tank  
  72  7:42  Marine  
  72  7:43  Marine, Missile Turret  
  77  7:45  Terran Infantry Weapons Level 1, Terran Infantry Armor Level 1  
  77  7:46  Armory  
  77  7:47  Supply Depot  
  77  7:51  Barracks  
  77  7:56  Supply Depot  
  77  8:00  Marine  
  78  8:06  Missile Turret  
  78  8:10  Marine  
  79  8:13  Supply Depot  
  79  8:18  Marine  
  79  8:19  Supply Depot  
  80  8:32  Viking x2  
  84  8:37  Terran Vehicle Weapons Level 1, Terran Vehicle And Ship Armor Level 1  
  84  8:38  Terran Ship Weapons Level 1  
  84  8:42  Supply Depot  
  84  8:46  SCV x2  
  86  8:52  Barracks Reactor, Marine  
  86  8:53  Marine  
  88  8:56  Supply Depot  
  88  9:00  Starport  
  88  9:05  Supply Depot  
  88  9:07  Planetary Fortress  
  88  9:28  Supply Depot  
  88  9:39  Marine x2, Barracks  
  88  9:40  Marine x2  
  88  9:41  Terran Infantry Weapons Level 2  
  88  9:42  Terran Infantry Armor Level 2  
  88  9:43  Medivac  
  88  9:44  Medivac, Starport Tech Lab  
  96  9:52  Supply Depot  
  96  9:57  Marine x3  
  96  9:58  Marine, SCV x3  
  103  10:04  Smart Servos, Refinery  
  103  10:10  SCV x2  
  103  10:11  SCV  
  105  10:26  Missile Turret  
  105  10:37  Command Center  
  105  10:40  Marine x2  
  105  10:41  Marine x2  
  109  10:42  Barracks Tech Lab  
  109  10:56  Command Center  
  109  11:00  Raven, Interference Matrix  
  109  11:04  Missile Turret  
  111  11:17  SCV x2  
  113  11:22  Sensor Tower  
  113  11:28  Combat Shield  
  113  11:29  SCV x2  
  115  11:34  Marauder  
  115  11:36  Marine x4  
  121  11:41  SCV  
  121  11:46  Missile Turret  
  122  11:53  Marine  
  122  11:54  Marine x3  
  123  11:55  Marauder  
  123  12:00  Factory  
  128  12:16  Marauder  
  128  12:20  Missile Turret  
  130  12:30  Refinery  
  130  12:38  Marauder  
  132  12:46  Stimpack  
  132  12:49  Planetary Fortress  
  132  12:50  Supply Depot, Terran Vehicle Weapons Level 2  
  132  12:51  Terran Vehicle And Ship Armor Level 2, Terran Ship Weapons Level 2  
  132  12:54  Raven, Missile Turret  
  132  12:55  Viking x2  
  138  12:59  Factory Reactor  
  138  13:03  Fusion Core  
  138  13:06  Siege Tank  
  141  13:13  Supply Depot  
  141  13:15  SCV  
  141  13:18  SCV  
  143  13:21  SCV  
  143  13:25  Liberator x2  
  150  13:30  SCV  
  151  13:34  Marine x2  
  151  13:35  Marine x2  
  151  13:36  Bunker  
  151  13:38  Terran Infantry Weapons Level 3, Terran Infantry Armor Level 3  
  155  13:48  Refinery  
  155  14:02  Missile Turret  
  155  14:20  Missile Turret  
  155  14:21  Supply Depot  
  155  14:27  Raven  
  155  14:29  Viking x2  
  161  14:33  Advanced Ballistics  
  161  14:44  Supply Depot  
  161  14:53  Widow Mine  
  161  14:54  Widow Mine  
  161  14:55  Siege Tank  
  168  15:10  Supply Depot, Missile Turret  
  168  15:15  Widow Mine x2  
  168  15:21  Missile Turret  
  172  15:23  Terran Vehicle Weapons Level 3, Terran Vehicle And Ship Armor Level 3  
  172  15:24  Terran Ship Weapons Level 3  
  172  15:37  Missile Turret  
  172  15:44  Missile Turret  
  172  15:45  Caduceus Reactor  
  162  16:03  Missile Turret  
  162  16:09  Missile Turret  
  162  16:28  Missile Turret  
  162  16:33  Missile Turret  
  162  16:52  Missile Turret  
  162  16:58  Supply Depot  
  162  17:07  Orbital Command  
  162  17:09  Missile Turret  
  162  17:13  Liberator x2  
  168  17:15  Bunker  
  168  17:17  Cyclone  
  165  19:20  Thor  
  165  19:24  Marine x4  
  172  19:27  Viking x2, Liberator  
  180  19:57  Liberator  
  168  20:10  Raven  
  153  20:31  Marine x4  
  153  20:34  Medivac  
  159  20:39  Medivac  
Tags
 
League
Silver
Matchup
TvT
Race
Terran
Spawn Locations
Cross Positions
Add a new tag
Caveats
  • Supply blocks, unpowered buildings, or Contaminate may cause inaccurate times.
  • Supply counts are checked every 10 seconds.